 Dungeon Crawl Stone Soup version 0.31-a0-841-g038b102fc3 (webtiles) character file.

Game seed: 12621714980949575378

99071 promet the Spear-Bearer (level 16, -13/106 HPs)
             Began as a Tengu Fighter on Aug 4, 2023.
             Was the Champion of Dithmenos.
             Mangled by a kraken (30 damage)
             ... on level 1 of the Shoals on Sept 27, 2023.
             The game lasted 04:10:48 (47719 turns).

promet the Spear-Bearer (Tengu Fighter)            Turns: 47719, Time: 04:10:49

Health: -13/106    AC: 21    Str: 23    XL:     16   Next: 24%
Magic:  22/22      EV: 20    Int: 11    God:    Dithmenos [******]
Gold:   1760       SH: 17    Dex: 19    Spells: 13/15 levels left

rFire   . . .        K - +2 broad axe (venom)
rCold   + . .        M - +0 kite shield
rNeg    . . .        B - +3 chain mail {rC+}
rPois   .            (helmet restricted)
rElec   .            Y - +1 cloak {rCorr}
rCorr   +            g - +2 pair of gloves
SInv    .            (boots unavailable)
Will    +....        P - amulet of reflection
Stlth   +++          N - +6 ring of strength
HPRegen 0.37/turn    A - +5 ring of evasion
MPRegen 0.18/turn

%: reflection, acrobat
@: flying, wreathed by umbra
A: beak, talons 3, evasive flight, acrobatic
a: Renounce Religion, Shadow Step, Shadow Form


You were on level 1 of the Shoals.
You worshipped Dithmenos.
Dithmenos was exalted by your worship.
You visited 4 branches of the dungeon, and saw 24 of its levels.
You also visited: Bailey.

You collected 3266 gold pieces.
You spent 1506 gold pieces at shops.

Inventory:

Hand Weapons
 a - a +2 spectral trident
 b - a +4 sling of freezing
 c - the +6 short sword "Lacertilianbane" {freeze, rC+ rN+ Stlth+}
   (You bought it in a shop on level 14 of the Dungeon)

   rC+:       It protects you from cold.
   rN+:       It protects you from negative energy.
   Stlth+:    It makes you more stealthy.
 u - a +8 war axe of draining
 x - the +6 falchion "Omeyboaph" {heavy, *Rage Will+ Str+8 Int-4}
   (You found it on level 4 of the Dungeon)

   Str+8:     It affects your strength (+8).
   Int-4:     It affects your intelligence (-4).
   Will+:     It increases your willpower.
   *Rage:     It berserks you when you make melee attacks (+20% chance).
 z - the +4 falchion "Moalim" {elec, Will+ Str+3}
   (You found it on level 1 of the Lair of Beasts)

   Str+3:     It affects your strength (+3).
   Will+:     It increases your willpower.
 K - a +2 broad axe of venom (weapon)
 T - a +3 halberd of electrocution
Missiles
 q - 8 javelins (quivered)
 t - 9 poisoned darts
 E - 3 curare-tipped darts
 F - a throwing net
 I - 20 boomerangs
Armour
 g - a +2 pair of gloves (worn)
 B - a +3 chain mail of cold resistance (worn)
 M - a +0 kite shield (worn)
 Y - a +1 cloak of preservation (worn)
Jewellery
 h - a ring of protection from fire
 k - a +6 ring of dexterity
 r - a +6 ring of strength
 y - a ring of willpower
 A - a +5 ring of evasion (right hand)
 N - a +6 ring of strength (left hand)
 P - an amulet of reflection (around neck)
 R - a ring of see invisible
 V - a +6 ring of dexterity
 W - a ring of poison resistance
 Z - a ring of positive energy
Wands
 s - a wand of mindburst (6)
 D - a wand of iceblast (3)
 J - a wand of paralysis (22)
 U - a wand of flame (15)
 X - a wand of digging (11)
Scrolls
 e - a scroll of fear
 f - 2 scrolls of poison
 i - 8 scrolls of teleportation
 n - 2 scrolls of fog
 o - 5 scrolls of revelation
 H - 3 scrolls of noise
 O - 2 scrolls of silence
 Q - a scroll of blinking
Potions
 d - 6 potions of might
 j - 5 potions of curing
 l - 5 potions of brilliance
 m - 5 potions of haste
 p - 3 potions of heal wounds
 v - 4 potions of mutation
 w - 3 potions of cancellation
 C - 3 potions of ambrosia
 G - 4 potions of attraction
 L - 2 potions of invisibility
 S - 2 potions of magic


   Skills:
 * Level 14.0 Fighting
 + Level 2.0(2.6) Short Blades
 + Level 2.6(3.0) Long Blades
 + Level 1.6(9.5) Axes
 + Level 14.5 Polearms
 + Level 8.3 Ranged Weapons
 + Level 6.9 Throwing
 + Level 12.7 Armour
 + Level 6.5 Dodging
 + Level 8.6 Stealth
 + Level 9.5 Shields
 * Level 7.2 Invocations
 + Level 1.7 Evocations


You had 13 spell levels left.
You knew the following spells:

 Your Spells              Type           Power      Damage    Failure   Level
a - Poisonous Vapours     Pois/Air       0%         N/A       98%         2

Your spell library contained the following spells:

 Spells                   Type           Power      Damage    Failure   Level
 Apportation              Tloc           0%         N/A       95%         1
 Cigotuvi's Dreadful Rot  Necr/Pois/Air  0%         N/A       98%         2
 Jinxbite                 Hex            0%         N/A       98%         2
 Lesser Beckoning         Tloc           0%         N/A       98%         2
 Confusing Touch          Hex            0%         N/A       100%        3
 Frozen Ramparts          Ice            0%         1d1       100%        3
 Gell's Gravitas          Tloc           0%         N/A       100%        3
 Ignite Poison            Fire/Tmut/Pois 0%         N/A       100%        3
 Mephitic Cloud           Conj/Pois/Air  0%         N/A       100%        3
 Portal Projectile        Hex/Tloc       0%         N/A       100%        3
 Teleport Other           Tloc           0%         N/A       100%        3
 Tukima's Dance           Hex            0%         N/A       100%        3
 Dimensional Bullseye     Hex/Tloc       0%         N/A       100%        4
 Flame Wave               Conj/Fire      0%         2d4       100%        4
 Fulminant Prism          Conj/Hex       0%         3d5       100%        4
 Iskenderun's Mystic Bla  Conj/Tloc      0%         2d3       100%        4
 Leda's Liquefaction      Hex/Erth       0%         N/A       100%        4
 Petrify                  Tmut/Erth      0%         N/A       100%        4
 Vhi's Electric Charge    Tloc/Air       0%         N/A       100%        4
 Alistair's Intoxication  Tmut/Pois      0%         N/A       100%        5
 Arcjolt                  Conj/Air       0%         1d10      100%        5
 Freezing Cloud           Conj/Ice/Air   0%         6-21      100%        5
 Lee's Rapid Deconstruct  Erth           0%         3d4*      100%        5
 Metabolic Englaciation   Hex/Ice        0%         N/A       100%        5
 Bombard                  Conj/Erth      0%         9d1       100%        6
 Maxwell's Capacitive Co  Air            0%         ∞         100%        8


Dungeon Overview and Level Annotations

Branches:
Dungeon (15/15)            Temple (0/1) D:6            Lair (5/5) D:10
 Shoals (2/4) Lair:2        Snake (0/4) Lair:3        Slime (0/5) Lair:5
    Orc (2/2) D:9             Elf (0/3) Orc:2        Vaults (0/5) D:13
 Depths (0/4) D:15         Bailey (visited)

Altars:
Dithmenos
Fedhas
Kikubaaqudgha
Ru
Sif Muna
Trog
Uskayaw
Wu Jian
The Shining One
Jiyva

Shops:
D:7 (?   D:9 :*   D:12 :   D:14 (?(   D:15 *   Orc:2 *(=*

Annotations:
D:3 2 transporters, 1 runed translucent door, Crazy Yiuf
D:8 3 runed translucent doors, Newt's ghost, novice DrSh; hattop's ghost, novice TrSh
D:11 exclusion: obsidian statue
D:15 Roxanne
Lair:5 1 runed translucent door, Xotso's ghost, journeyman VSMo


Innate Abilities, Weirdness & Mutations

You have a beak for a mouth.
You have claws for feet.
Your magical flight helps you evade attacks. (EV +4)
You can magically evade attacks while moving or waiting.


Message History

The kraken barely misses you.
The tentacle slaps you but does no damage.
The tentacle barely misses you. You block the tentacle's attack.
The tentacle slaps your +2 spectral trident!!
Your spectral weapon shares its damage with you!
Your +2 spectral trident disappears.
You hit the kraken but do no damage. You claw the kraken, but do no damage.
The kraken is lightly wounded.
Your shadow hits the kraken with a trident.
Your +2 spectral trident hits the kraken but does no damage.
The kraken bites you but does no damage.
The tentacle completely misses you. You block the tentacle's attack.
The tentacle slaps you but does no damage.
You hit the kraken but do no damage. You peck the kraken, but do no damage.
The kraken is lightly wounded.
Your +2 spectral trident hits the kraken but does no damage.
You block the tentacle's attack.
The tentacle slaps you but does no damage.
You block the tentacle's attack. The kraken bites you!!
You block the tentacle's attack. x2; The tentacle slaps you!
The tentacle misses you.
Your +2 spectral trident disappears.
Your +2 broad axe of venom begins to drip with poison!
K - a +2 broad axe of venom (weapon)
You block the tentacle's attack. The kraken bites you!
You hit the kraken but do no damage.
The kraken is poisoned.
You claw the kraken. You peck the kraken, but do no damage.
The kraken is lightly wounded.
You hit the tentacle but do no damage.
The tentacle is poisoned.
You hit the tentacle but do no damage. You slash the tentacle!
You hit the tentacle but do no damage.
The tentacle is poisoned.
The tentacle closely misses you. You block the tentacle's attack.
The tentacle barely misses you. You block the tentacle's attack.
You block the kraken's attack. The tentacle barely misses you.
The tentacle slaps you!!
* * * LOW HITPOINT WARNING * * *
The tentacle misses you. The tentacle slaps you!
* * * LOW HITPOINT WARNING * * *
The kraken bites you!!
You die...

########################
##
≈≈≈≈≈≈≈≈≈≈≈≈≈≈≈≈≈≈≈≈≈≈≈≈
≈≈
≈≈≈≈≈≈≈≈≈≈≈≈≈≈≈≈≈≈≈≈≈≈≈≈
≈≈
≈≈≈≈≈≈≈≈≈≈≈≈≈≈≈≈ww≈≈≈≈≈≈
≈≈
≈≈≈≈≈≈≈≈≈≈≈≈≈≈≈≈@X≈≈≈≈≈≈
≈≈
≈≈≈≈≈≈≈≈≈≈≈≈≈≈≈w≈w≈≈≈≈≈≈
≈≈
≈≈≈≈≈≈≈~~P~P≈≈≈≈≈≈≈≈≈≈≈≈
≈≈
≈≈≈≈≈PP~~PPP~~≈≈≈≈≈≈≈~~~
≈≈
≈≈≈≈PPP~~PP~~~≈≈≈≈≈≈~~~~
~~~~~≈
≈≈≈≈~PP~PPP~P~~≈≈≈≈~~~~~
..~~~~
≈≈≈≈P~PP.#.P~~~≈≈≈≈~~~.~
..~~~~
≈≈≈≈~~PP.##P.~P≈≈≈~~~.#.
#~~~~~
≈≈≈~~~P.###P.~~~≈≈~~
#.~~~~


You could see a kraken (very poisoned) and 4 tentacles.

Vanquished Creatures
  Kirke (D:12)
  A stone giant (D:15)
  A merfolk impaler (Shoals:1)
  Harold (D:10)
  4 vault guards (D:13)
  7 hydras
  5 centaur warriors
  Erica (Lair:1)
  2 death knights
  A merfolk aquamancer (Shoals:1)
  5 boulder beetles
  A catoblepas (Lair:5)
  A deep troll shaman (Lair:5)
  5 two-headed ogres
  6 death yaks
  A tengu warrior (D:15)
  An orc high priest (D:9)
  Nergalle (D:12)
  Urug (Lair:4)
  Amaemon (Lair:1)
  A skeletal warrior (D:12)
  A shadow wraith (D:13)
  A sea snake (Shoals:1)
  4 harpies (Shoals:1)
  5 orc knights
  A phantasmal warrior (D:15)
  A wizard (D:13)
  Pikel (D:6)
  3 deep elf pyromancers
  A lindwurm (Lair:5)
  11 manticores
  3 fauns (Shoals:1)
  An orc sorcerer (Orc:1)
  A cyclops (shapeshifter) (D:13)
  12 cyclopes
  3 ugly things
  12 elephants
  Joseph (D:8)
  3 merfolk sirens (Lair:2)
  Maurice (D:12)
  A water nymph (Shoals:1)
  6 black mambas
  An unseen horror (D:10)
  A molten gargoyle (Lair:2)
  Maggie (D:7)
  An orange demon (Lair:1)
  12 cane toads
  3 freezing wraiths
  2 kobold demonologists
  3 rime drakes
  An efreet (D:14)
  A yaktaur (D:13)
  6 komodo dragons
  A troll (shapeshifter) (D:13)
  2 ice devils (D:11)
  3 merfolk
  9 trolls
  A meliai (D:12)
  3 polar bears
  A wind drake (Shoals:1)
  2 hornets
  Prince Ribbit (Lair:2)
  17 blink frogs
  Grinder (D:6)
  12 dream sheep
  5 slime creatures (D:12)
  3 centaur simulacra (D:12)
  9 water elementals
  2 wraiths
  46 yaks
  2 shadows
  2 vampires (D:10)
  2 hogs (D:12)
  3 wyverns
  2 humans (D:12)
  A basilisk (shapeshifter) (D:15)
  5 basilisks
  2 steam dragons
  A human (shapeshifter) (D:15)
  3 vampire mosquitoes
  4 nagas (Lair:3)
  Duvessa (D:6)
  An acid dragon (D:11)
  11 water moccasins
  31 orc warriors
  2 black bears
  3 ice beasts
  2 sky beasts
  4 ogres (Orc:1)
  18 wolves
  2 lemures (D:6)
  A phantom (D:5)
  8 centaurs
  3 kobold brigands
  8 bullfrogs
  A gnoll sergeant (D:8)
  2 scorpions (D:6)
  A scorpion (shapeshifter) (D:12)
  11 wights
  Dowan (D:6)
  3 howler monkeys (D:10)
  11 electric eels
  3 gnoll boudas
  8 hounds
  2 lava snakes (Lair:2)
  8 jellies
  9 orc priests
  2 iguanas
  12 orc wizards
  21 gnolls
  5 adders
  A shadow imp (D:5)
  5 white imps
  2 ufetubi
  A worm (D:5)
  3 dart slugs
  75 orcs
  5 endoplasms
  A giant cockroach (D:2)
  8 goblins
  6 hobgoblins
  12 jackals
  5 quokkas
  5 ball pythons
  2 bats
  2 frilled lizards (D:1)
  18 kobolds
  3 rats
647 creatures vanquished.

Vanquished Creatures (others)
  An orc wizard (Orc:2)
  An orc (Orc:2)
  10 spectral weapons
12 creatures vanquished.

Grand Total: 659 creatures vanquished

Notes
Turn   | Place    | Note
-------+----------+-------------------------------------------
     0 | D:1      | promet the Tengu Fighter began the quest for the Orb.
     0 | D:1      | Reached XP level 1. HP: 14/14 MP: 2/2
   659 | D:1      | Reached XP level 2. HP: 19/19 MP: 3/3
  1813 | D:2      | Reached XP level 3. HP: 23/23 MP: 4/4
  1832 | D:2      | Noticed a great orb of eyes
  1833 | D:2      | Found a faded altar of an unknown god.
  1908 | D:2      | Noticed a great orb of eyes
  1912 | D:2      | Noticed a shining eye
  1912 | D:2      | Noticed a golden eye
  1982 | D:2      | Reached XP level 4. HP: 26/28 MP: 5/5
  2651 | D:3      | Gained mutation: Your magical flight helps you evade
                  | attacks. (EV +4) [Tengu growth]
  2651 | D:3      | Reached XP level 5. HP: 32/32 MP: 6/6
  3127 | D:3      | Found a bloodstained altar of Trog.
  3286 | D:3      | Found a transporter.
  3291 | D:3      | Found a transporter.
  3321 | D:3      | Noticed an ice beast
  3363 | D:3      | Found a sacrificial altar of Ru.
  3435 | D:3      | Found a runed translucent door.
  3436 | D:3      | Noticed Crazy Yiuf
  3742 | D:4      | Identified the amulet of Bithay {Spirit rF++ Str+2 Dex-4}
  3900 | D:4      | Found a shadowy altar of Dithmenos.
  3913 | D:4      | Became a worshipper of Dithmenos the Shadowed
  4048 | D:4      | Identified the +6 falchion "Omeyboaph" {heavy, *Rage Will+
                  | Str+8 Int-4}
  4456 | D:4      | Reached XP level 6. HP: 33/38 MP: 7/7
  4734 | D:5      | Entered Level 5 of the Dungeon
  4741 | D:5      | Reached skill level 1 in Dodging
  4920 | D:5      | Found an ancient bone altar of Kikubaaqudgha.
  4950 | D:5      | Reached skill level 5 in Armour
  5162 | D:5      | Noticed an ice beast
  5204 | D:5      | Killed an ice beast
  5205 | D:5      | Reached skill level 5 in Polearms
  5205 | D:5      | Reached skill level 1 in Stealth
  5205 | D:5      | Reached XP level 7. HP: 32/44 MP: 8/8
  5790 | D:6      | Found an ornate altar of the Wu Jian Council.
  5850 | D:6      | Noticed Grinder
  5870 | D:6      | Paralysed by Grinder for 3 turns
  5893 | D:6      | Killed Grinder
  5894 | D:6      | Reached skill level 1 in Long Blades
  6142 | D:6      | Reached skill level 1 in Throwing
  6142 | D:6      | Reached XP level 8. HP: 48/48 MP: 9/9
  6167 | D:6      | Reached * piety under Dithmenos
  6176 | D:6      | Found a glowing golden altar of the Shining One.
  6465 | D:6      | Reached skill level 5 in Fighting
  6487 | D:6      | Found a staircase to the Ecumenical Temple.
  6542 | D:6      | Noticed Duvessa
  6570 | D:6      | Killed Duvessa
  6583 | D:6      | Noticed Dowan
  6602 | D:6      | Killed Dowan
  7309 | D:6      | Noticed Pikel
  7321 | D:6      | Killed Pikel
  7322 | D:6      | Reached XP level 9. HP: 55/55 MP: 10/10
  7682 | D:7      | Found Selaci's Magic Scroll Shop.
  7705 | D:7      | Bought a scroll of blinking for 90 gold pieces
  8183 | D:7      | Found Ximyirpho's Weapon Boutique.
  8271 | D:7      | Found a flagged portal.
  8277 | Bailey   | Entered a bailey
  8922 | D:7      | Found a shimmering blue altar of Sif Muna.
  8924 | D:7      | Noticed Maggie
  8929 | D:7      | Killed Maggie
  8929 | D:7      | Reached ** piety under Dithmenos
  9038 | D:7      | Found a blossoming altar of Fedhas.
  9088 | D:7      | Found a hide-covered altar of Uskayaw.
  9282 | D:8      | Noticed a hornet
  9301 | D:8      | Killed a hornet
  9847 | D:8      | Reached XP level 10. HP: 58/63 MP: 11/11
  9866 | D:8      | Noticed Joseph
  9881 | D:8      | Killed Joseph
 10553 | D:8      | Found a runed translucent gate.
 10553 | D:8      | Found a runed translucent gate.
 10553 | D:8      | Found a runed translucent gate.
 10554 | D:8      | Noticed Newt's ghost (novice DrSh)
 10556 | D:8      | Noticed hattop's ghost (novice TrSh)
 10963 | D:9      | Found Gairr's Changing Room.
 11115 | D:9      | Reached skill level 1 in Ranged Weapons
 11731 | D:9      | Reached skill level 10 in Polearms
 11813 | D:9      | Reached *** piety under Dithmenos
 12217 | D:9      | Found a staircase to the Orcish Mines.
 12289 | D:9      | Found Kuejenat's Self-Improvement Boutique.
 12517 | D:10     | Entered Level 10 of the Dungeon
 12687 | D:10     | Reached XP level 11. HP: 38/69 MP: 12/12
 13451 | D:10     | Noticed a two-headed ogre
 13481 | D:9      | Killed a two-headed ogre
 14030 | D:10     | Noticed Harold
 14040 | D:10     | Killed Harold
 14079 | D:10     | Found a staircase to the Lair.
 14088 | D:10     | Reached skill level 5 in Stealth
 15695 | D:11     | Upgraded the game from 0.31-a0-460-g9e667d4245 to
                  | 0.31-a0-703-gcfe89afef6
 16092 | D:11     | Noticed a cyclops
 16092 | D:11     | Noticed a manticore
 16106 | D:11     | Killed a manticore
 16276 | D:11     | Killed a cyclops
 16285 | D:11     | Reached skill level 5 in Ranged Weapons
 16296 | D:11     | Reached **** piety under Dithmenos
 17866 | D:11     | Noticed an obsidian statue
 18676 | D:12     | Noticed a manticore
 18732 | D:12     | Noticed a two-headed ogre
 18743 | D:11     | Killed a two-headed ogre
 18744 | D:11     | Reached XP level 12. HP: 75/77 MP: 13/13
 18947 | D:12     | Identified the ring "Iwawer" {*Corrode Fly Str+2 Int+5}
 18953 | D:12     | Noticed a boulder beetle
 18962 | D:12     | Noticed Maurice
 18967 | D:12     | Reached skill level 10 in Fighting
 19313 | D:12     | Upgraded the game from 0.31-a0-703-gcfe89afef6 to
                  | 0.31-a0-819-gf6de2f5ab6
 19984 | D:12     | Found Umorir's Book Shop.
 20398 | D:12     | Killed Maurice
 20590 | D:12     | Killed a boulder beetle
 20917 | D:12     | Noticed Nergalle
 21123 | D:12     | Killed Nergalle
 21124 | D:12     | Reached skill level 1 in Evocations
 21607 | D:12     | Noticed Kirke
 21617 | D:12     | Killed Kirke
 22135 | Lair:1   | Entered Level 1 of the Lair of Beasts
 22228 | Lair:1   | Noticed Erica
 22251 | Lair:1   | Killed Erica
 22252 | Lair:1   | Reached skill level 5 in Throwing
 22277 | Lair:1   | Identified the +4 falchion "Moalim" {elec, Will+ Str+3}
 22598 | Lair:1   | Reached skill level 10 in Armour
 22793 | Lair:1   | Noticed Amaemon
 22807 | Lair:1   | Killed Amaemon
 23368 | Lair:2   | Reached skill level 5 in Shields
 23412 | Lair:2   | Reached XP level 13. HP: 76/84 MP: 14/14
 23776 | Lair:2   | Noticed Prince Ribbit
 24468 | Lair:2   | Killed Prince Ribbit
 24519 | Lair:2   | Reached skill level 1 in Invocations
 25996 | Lair:2   | Found a staircase to the Shoals.
 27349 | Lair:2   | Reached ***** piety under Dithmenos
 27786 | Lair:3   | Found a staircase to the Snake Pit.
 28781 | Lair:3   | Reached XP level 14. HP: 66/91 MP: 17/17
 28971 | Lair:4   | Reached skill level 5 in Dodging
 30155 | Lair:4   | Noticed Urug
 30168 | Lair:4   | Killed Urug
 30957 | Lair:5   | Entered Level 5 of the Lair of Beasts
 31414 | Lair:5   | Found a runed translucent door.
 31414 | Lair:5   | Noticed Xotso's ghost (journeyman VSMo)
 31414 | Lair:5   | Identified the +6 spear "Ivvyapiv" {speed, Fragile Str+5
                  | Stlth+}
 31794 | Lair:5   | Found a viscous altar of Jiyva.
 31807 | Lair:5   | Found a staircase to the Slime Pits.
 33555 | D:7      | Bought 3 boomerangs for 96 gold pieces
 33555 | D:7      | Bought 3 boomerangs for 96 gold pieces
 34970 | Orc:1    | Entered Level 1 of the Orcish Mines
 35828 | Orc:2    | Entered Level 2 of the Orcish Mines
 35844 | Orc:2    | Reached skill level 5 in Invocations
 35947 | Orc:2    | Found a staircase to the Elven Halls.
 37813 | Orc:1    | Reached ****** piety under Dithmenos
 37885 | Orc:1    | Reached XP level 15. HP: 44/97 MP: 19/19
 39461 | Orc:2    | Found Salas's Antique Weapon Shoppe.
 39461 | Orc:2    | Found Kybe's Jewellery Boutique.
 39463 | Orc:2    | Found Afiboiw's Assorted Antiques.
 39465 | Orc:2    | Found Dioreuda's General Store.
 39670 | Orc:2    | Bought an amulet of reflection for 330 gold pieces
 39690 | Orc:2    | Bought a fading chain mail for 266 gold pieces
 39690 | Orc:2    | Identified the +3 chain mail of Spite {Harm} (You bought it
                  | in a shop on level 2 of the Orcish Mines)
 40000 | Orc:2    | Bought a runed broad axe for 182 gold pieces
 41489 | D:13     | Found a gate to the Vaults.
 42413 | D:13     | Identified the +7 hand axe of Impeachment {flame, Int+3}
 42619 | D:13     | Learned a level 2 spell: Poisonous Vapours
 42619 | D:13     | Upgraded the game from 0.31-a0-819-gf6de2f5ab6 to
                  | 0.31-a0-841-g038b102fc3
 43025 | D:13     | Reached skill level 1 in Axes
 43140 | D:13     | Got a glossy book
 44324 | D:14     | Found Mewaanus's Antique Weapon Emporium.
 44337 | D:14     | Bought a scorched short sword for 296 gold pieces
 44337 | D:14     | Identified the +6 short sword "Lacertilianbane" {freeze,
                  | rC+ rN+ Stlth+} (You bought it in a shop on level 14 of the
                  | Dungeon)
 44391 | D:14     | Found Qukhligaju's Magic Scroll Shop.
 44690 | D:14     | Found Sedyulun's Antique Weapon Shop.
 45005 | D:15     | Entered Level 15 of the Dungeon
 45052 | D:14     | Bought a scroll of teleportation for 39 gold pieces
 45052 | D:14     | Bought 2 scrolls of teleportation for 78 gold pieces
 45147 | D:15     | Found Gaabalixt's Assorted Antiques.
 45222 | D:15     | Noticed Roxanne
 45253 | D:15     | Found a staircase to the Depths.
 45259 | D:15     | Reached skill level 1 in Short Blades
 45681 | D:15     | Reached XP level 16. HP: 87/105 MP: 22/22
 46001 | D:15     | Bought a scroll labelled JERCHE ZYUTEUS for 33 gold pieces
 46003 | D:15     | Acquired 797 gold pieces
 46369 | Shoals:1 | Entered Level 1 of the Shoals
 46407 | Shoals:1 | You are sucked into a shaft and drop 1 floor!
 47704 | Shoals:1 | Noticed a kraken
 47719 | Shoals:1 | Mangled by a kraken

Illustrated notes

Levels and vault maps discovered:
D:1:      dpeg_arrival_water_temple_mockup, layout_loops_corners,
          serial_park_tiny_1
D:2:      layout_loops_cross, hellmonk_ecumenical_altar_watching_god
D:3:      layout_basic, gammafunk_temple_overflow_arena,
          overflow_temple_1_default, uniq_crazy_yiuf_cottage
D:4:      layout_gridville, nicolae_dithmenos_shadow_blocks, fountainhead
D:5:      layout_gridville, mainiacjoe_overflow_concentric_impassable,
          grunt_ministairs_1
D:6:      layout_basic, nicolae_overflow_crystal_walls, amcnicky_altar_gilded,
          minmay_temple_entry_crystal_x, uniq_pikel, uniq_duvessa, uniq_grinder
D:7:      layout_basic, nicolae_uskayaw_dance_studio, general_overflow_altar,
          mainiacjoe_overflow_alcove_1, serial_shops, shop_scrolls, shop,
          enter_bailey_3, solitary_fountain, uniq_maggie
D:8:      layout_loops_corners, gammafunk_ghost_cemetery, uniq_joseph
D:9:      layout_basic, hiddenorc1_lemuel, nicolae_transmutations_shop,
          nicolae_shop_self_help
D:10:     layout_irregular_city, erik_lair_island, dk_noncrumbling_2,
          uniq_harold
D:11:     statuecave_lemuel, layout_loops_ring, portal_ice_cave_demonic_guard
D:12:     layout_cave_pods, serial_shops, shop, serial_ice, serial_ice_m,
          serial_ice_i, serial_ice_c, serial_ice_e, serial_ice_n, serial_ice_a,
          serial_ice_g, uniq_maurice, uniq_kirke, uniq_nergalle
D:13:     minmay_the_grid_octo_triangle [minmay_the_grid_octo_fan_narrow,
          minmay_the_grid_octo_prize_star, minmay_the_grid_octo_clover],
          layout_cross, lightli_vaults_fourway_checkpoint, kennysheep_boxes
D:14:     layout_cave_pools, kennysheep_flooded_box, serial_shops, shop, shop,
          nicolae_take_the_stairs
D:15:     grunt_enter_depths_giant_problem, layout_cave_pools,
          nicolae_figureground_pulse, serial_shops, shop, uniq_roxanne
Lair:1:   layout_hall_layers, uniq_amaemon, uniq_erica
Lair:2:   layout_gridlike, elwin_shoals_entry_stream,
          chequers_serial_rivers_micro_c, uniq_prince_ribbit2
Lair:3:   layout_gridlike, guppyfry_snake_entry_island
Lair:4:   layout_long_grid, lemuel_fruit_tree, uniq_urug
Lair:5:   grunt_lair_end_beastmaster, layout_regular_city,
          nicolae_slime_entry_field_trip, ebering_ghost_funeral_grove,
          infiniplex_staircase_pool
Shoals:1: layout_shoals, nicolae_shoals_flooded_hall
Shoals:2: layout_shoals, nicolae_shoals_sun_and_surf
Orc:1:    layout_diamond_mine
Orc:2:    st_orc_rangers, layout_caves, rock_pile

Skill      XL: |  1  2  3  4  5  6  7  8  9 10 11 12 13 14 15 16 |
---------------+-------------------------------------------------+-----
Armour         | 4 5 6 7 8 10 11 12 | 12.7
Polearms       | 3 4 5 6 7 9 10 11 12 13 14 | 14.5
Fighting       | 4 6 7 8 9 11 12 13 14 | 14.0
Dodging        | 1 2 4 5 6 |  6.5
Stealth        | 1 3 4 5 6 7 8 |  8.6
Long Blades    | 1 2 |  2.6
Throwing       | 1 2 3 4 5 6 |  6.9
Shields        | 4 5 6 7 9 |  9.5
Ranged Weapons | 2 5 6 8 |  8.3
Evocations     | 1 |  1.7
Invocations    | 3 5 6 7 |  7.2
Axes           | 1 |  1.6
Short Blades   | 1 2 |  2.0

Action                     |  1- 3 |  4- 6 |  7- 9 | 10-12 | 13-15 | 16-18 || total
---------------------------+-------+-------+-------+-------+-------+-------++-------
  Melee: Trident           |    54 |   118 |   129 |   399 |  1074 |    55 ||  1829
         Kick              |     6 |    23 |    39 |   151 |   474 |    33 ||   726
         Peck              |     7 |     6 |    18 |   110 |   300 |    24 ||   465
         Falchion          |       |     8 |     1 |     6 |    28 |       ||    43
         Halberd           |       |       |    49 |   135 |       |       ||   184
         Punch             |       |       |       |     1 |       |       ||     1
         Dagger            |       |       |       |     1 |       |       ||     1
         Scimitar          |       |       |       |       |     5 |       ||     5
         Short sword       |       |       |       |       |    30 |     4 ||    34
         Rapier            |       |       |       |       |    14 |       ||    14
         Broad axe         |       |       |       |       |     5 |    16 ||    21
   Fire: Sling             |       |       |     2 |    99 |   198 |    40 ||   339
  Throw: Javelin           |       |     3 |    19 |     6 |    10 |     2 ||    40
         Dart              |       |       |    14 |    25 |     6 |       ||    45
         Throwing net      |       |       |     2 |     7 |     3 |       ||    12
         Boomerang         |       |       |       |    12 |    79 |       ||    91
Ability: Evoke Invisibilit |       |     1 |       |       |       |       ||     1
  Evoke: Wand              |       |       |     4 |     6 |     3 |     2 ||    15
    Use: Scroll            |     1 |    11 |     2 |    14 |     5 |     5 ||    38
         Potion            |       |     1 |     5 |     2 |     5 |       ||    13
   Stab: Invisible         |       |     1 |       |       |     2 |       ||     3
         Distracted        |       |       |     1 |    11 |    34 |     1 ||    47
         Sleeping          |       |       |     1 |     4 |    10 |     2 ||    17
         Paralysed         |       |       |       |     7 |       |       ||     7
         Held in net/web   |       |       |       |     4 |       |       ||     4
 Armour: Scale mail        |    19 |    37 |    13 |       |       |       ||    69
         Swamp dragon scal |       |       |    11 |    72 |    48 |       ||   131
         Plate armour      |       |       |     6 |       |       |       ||     6
         Chain mail        |       |       |       |    79 |   478 |    50 ||   607
         Troll leather arm |       |       |       |       |     4 |       ||     4
  Dodge: Dodged            |    18 |    55 |    87 |   222 |   625 |    82 ||  1089
  Block: Buckler           |     7 |    22 |    14 |    31 |       |       ||    74
         Kite shield       |       |       |       |    50 |   673 |    99 ||   822
         Reflection        |       |       |       |       |    17 |    10 ||    27

Table legend: (Time is in decaauts)
 A = Elapsed time spent in this place.
 B = Non-inter-level travel time spent in this place.
 C = Inter-level travel time spent in this place.
 D = Time resting spent in this place.
 E = Time spent auto-exploring this place.
 F = Levels seen in this place.
 G = Mean time per level.
                   A        B        C        D        E       F      G
               +--------+--------+--------+--------+--------+-----+--------+
         Total |  46882 |  44301 |   2581 |  19951 |   8106 |  25 | 1875.3 |
       Dungeon |  27974 |  26287 |   1687 |  11262 |   6106 |  15 | 1864.9 |
          Lair |  12202 |  11487 |    715 |   5500 |   1528 |   5 | 2440.4 |
        Shoals |   1336 |   1336 |      0 |    467 |    256 |   2 |  668.0 |
  Orcish Mines |   4894 |   4716 |    178 |   2634 |    172 |   2 | 2447.0 |
        Bailey |    474 |    474 |      0 |     87 |     44 |   1 |  474.0 |
               +--------+--------+--------+--------+--------+-----+--------+

Top non-repeatable levels by time:
    D:12: 4276 daAuts
    D:10: 3514 daAuts
   Orc:1: 3425 daAuts
    D:11: 3066 daAuts
  Lair:5: 2962 daAuts
  Lair:2: 2878 daAuts
    D:13: 2862 daAuts
  Lair:3: 2627 daAuts
  Lair:1: 1967 daAuts
     D:8: 1919 daAuts
     D:6: 1913 daAuts
  Lair:4: 1766 daAuts
     D:9: 1750 daAuts
     D:1: 1727 daAuts
   Orc:2: 1468 daAuts
